 Dungeon Crawl Stone Soup version 0.28-a0-984-g3775c662fe (webtiles) character file.

Game seed: 13398978096729532522

56 meatgazer the Skirmisher (level 3, 0/29 HPs)
             Began as a Demonspawn Abyssal Knight on Dec 3, 2021.
             Was a Follower of Lugonu.
             Slain by a gnoll (8 damage)
             ... on level 2 of the Dungeon.
             The game lasted 00:02:51 (2171 turns).

meatgazer the Skirmisher (DsAK)                     Turns: 2171, Time: 00:02:51

Health: 0/29       AC:  3    Str: 15    XL:     3   Next: 69%
Magic:  5/5        EV: 15    Int: 11    God:    Lugonu [*.....]
Gold:   183        SH:  0    Dex: 15    Spells: 2/2 levels left

rFire   . . .      SeeInvis .   a - +1 falchion
rCold   . . .      Faith    .   (no shield)
rNeg    . . .      Spirit   .   c - +0 robe of the Circus Animal {Will+ Dex+2}
rPois   .          Reflect  .   (no helmet)
rElec   .          Harm     .   (no cloak)
rCorr   .          Rampage  .   (no gloves)
Will    .....                   (no boots)
Stlth   +.........              (no amulet)
HPRegen 0.09/turn               d - +4 ring of evasion
MPRegen 0.09/turn               (no ring)

@: weak-willed
A: spiny 1, shaggy fur 1
a: Renounce Religion, Depart the Abyss


You were on level 2 of the Dungeon.
You worshipped Lugonu.
Lugonu was aware of your devotion.
You visited 1 branch of the dungeon, and saw 2 of its levels.
You visited the Abyss 1 time.

You collected 183 gold pieces.

Inventory:

Hand Weapons
 a - a +1 falchion (weapon)
Armour
 c - the +0 robe of the Circus Animal (worn) {Will+ Dex+2}
   (You found it on level 2 of the Abyss)

   Dex:       It affects your dexterity (+2).
   Will:      It increases your willpower.
Jewellery
 d - a +4 ring of evasion (left hand)
Scrolls
 e - a scroll of silence


   Skills:
 + Level 3.6 Fighting
 + Level 2.5 Long Blades
 - Level 1.7 Armour
 - Level 0.8 Dodging
 + Level 3.6 Invocations


You had 2 spell levels left.
You didn't know any spells.
Your spell library contained the following spells:

 Spells                   Type           Power      Damage    Failure   Level
 Ensorcelled Hibernation  Hex/Ice        0%         N/A       47%         2
 Spider Form              Tmut/Pois      0%         N/A       71%         3
 Fireball                 Conj/Fire      0%         3d3       100%        5
 Starburst                Conj/Fire      0%         6d3       100%        6
 Ignition                 Fire           0%         3d3       100%        8


Dungeon Overview and Level Annotations

Branches:
Dungeon (2/15)

Altars:


Innate Abilities, Weirdness & Mutations

You are partially covered in sharp spines.
You are covered in fur. (AC +1)


Message History

The gnoll hits you from afar with a +0 spear.
You swing at nothing.
The gnoll hits you but does no damage.
You swing at nothing.
The gnoll hits you but does no damage.
You swing at nothing.
The gnoll hits you but does no damage.
You swing at nothing.
You swing at nothing.
The gnoll hits you but does no damage.
You swing at nothing.
The gnoll hits you from afar with a +0 spear.
You swing at nothing.
The gnoll hits you but does no damage.
You swing at nothing.
Your transformation is almost over.
The gnoll hits you but does no damage.
You swing at nothing.
You swing at nothing.
The gnoll hits you but does no damage.
You swing at nothing.
The gnoll hits you but does no damage.
You swing at nothing.
The gnoll hits you but does no damage.
You swing at nothing.
You swing at nothing.
The gnoll hits you from afar with a +0 spear.
You swing at nothing.
The gnoll completely misses you.
You swing at nothing.
Your extra speed is starting to run out.
The gnoll hits you but does no damage.
You swing at nothing.
The gnoll hits you from afar with a +0 spear.
You swing at nothing.
You feel less wooden.
The +0 robe of the Circus Animal {Will+ Dex+2} unmelds from your body.
You swing at nothing.
The gnoll barely misses you.
You swing at nothing.
The gnoll closely misses you.
You swing at nothing.
The gnoll misses you.
You swing at nothing.
You feel yourself slow down.
The gnoll hits you from afar with a +0 spear.
You swing at nothing.
The gnoll hits you from afar with a +0 spear.
* * * LOW HITPOINT WARNING * * *
You swing at nothing.
The gnoll hits you from afar with a +0 spear!
You die...

#.##..# ......# .. #.♣#♣.#
#.# #.P ♣.....♣####.####
.. ............... gP♣♣♣♣
..♣.♣..♣#..... .♣...♣♣
.......##.#.## .....P.
..♣.♣..♣#....######g.P.♣.♣
.......##..#..).@)gg......
♣.....♣......########.....
##♣#♣)..###### ### #####


You could see 3 gnolls.

Vanquished Creatures
  A gnoll (D:2)
  A dart slug (D:2)
  2 ball pythons (D:1)
  5 endoplasms
  4 giant cockroaches
  6 goblins
  A hobgoblin (D:2)
  2 jackals (D:1)
  A quokka (D:1)
  6 bats
  2 frilled lizards
  5 kobolds (D:1)
  5 rats
41 creatures vanquished.

Vanquished Creatures (others)
  A plant (D:2)
1 creature vanquished.

Grand Total: 42 creatures vanquished

Notes
Turn   | Place    | Note
-------+----------+-------------------------------------------
     0 | Abyss:1  | meatgazer the Demonspawn Abyssal Knight began the quest for
                  | the Orb.
     0 | Abyss:1  | Reached XP level 1. HP: 18/18 MP: 2/2
    39 | Abyss:2  | Noticed a large abomination
    44 | Abyss:2  | Identified the +0 robe of the Circus Animal {Will+ Dex+2}
    52 | Abyss:2  | Found a blossoming altar of Fedhas.
    82 | D:1      | Escaped the Abyss
   821 | D:1      | Gained mutation: You are partially covered in sharp spines.
                  | [demonic ancestry]
   821 | D:1      | Reached XP level 2. HP: 19/24 MP: 4/4
   923 | D:1      | Reached * piety under Lugonu
  1321 | D:1      | Reached XP level 3. HP: 27/29 MP: 5/5
  1893 | D:2      | Found a faded altar of an unknown god.
  2133 | D:2      | Gained mutation: You are covered in fur. (AC +1) [potion of
                  | mutation]
  2171 | D:2      | Slain by a gnoll

Illustrated notes

Levels and vault maps discovered:
D:1:      noname_arrival_rooms_in_the_neighbourhood, layout_basic,
          serial_forest, infiniplex_forest_zigzag_2, infiniplex_forest_zigzag_1,
          infiniplex_forest_lined_ring, infiniplex_forest_lined_2,
          infiniplex_forest_clump_diagonal, minmay_quantized
D:2:      layout_loops_ring, serial_forest, infiniplex_forest_clump_cross,
          infiniplex_forest_lined_ring, infiniplex_forest_lined_3_way,
          infiniplex_forest_end_2, infiniplex_forest_lined_3,
          infiniplex_forest_pool, infiniplex_forest_lined_room_3,
          infiniplex_forest_clump_curved, basic_ecumenical_altar,
          uniq_crazy_yiuf_cottage

Skill      XL: |  1  2 |
---------------+-------+-----
Long Blades    | 2 |  2.5
Invocations    | 3 |  3.6
Fighting       | |  3.6
Armour         | |  1.7
Dodging        | |  0.8

Action                   || total
-------------------------++-------
Melee: Falchion          ||    78
Invok: Depart the Abyss  ||     1
  Use: Scroll            ||     6
       Potion            ||     4
Armor: Robe              ||    13
       Leather armour    ||     4
       Skin              ||    20
Dodge: Dodged            ||    49

Table legend: (Time is in decaauts)
 A = Elapsed time spent in this place.
 B = Non-inter-level travel time spent in this place.
 C = Inter-level travel time spent in this place.
 D = Time resting spent in this place.
 E = Time spent auto-exploring this place.
 F = Levels seen in this place.
 G = Mean time per level.
                   A        B        C        D        E       F      G
               +--------+--------+--------+--------+--------+-----+--------+
         Total |   2177 |   2107 |     70 |    213 |   1569 |   4 |  544.2 |
       Dungeon |   2094 |   2024 |     70 |    213 |   1538 |   2 | 1047.0 |
         Abyss |     82 |     82 |      0 |      0 |     31 |   2 |   41.0 |
               +--------+--------+--------+--------+--------+-----+--------+

Top non-repeatable levels by time:
     D:1: 1653 daAuts
     D:2: 441 daAuts
 Abyss:2: 72 daAuts
 Abyss:1: 10 daAuts
